 Dungeon Crawl Stone Soup version 0.29.0-5-ge4962eb29e (webtiles) character file.

Game seed: 4885509803703191259

23 Descartes the Stinger (level 2, 0/17 HPs)
             Began as an Octopode Venom Mage on Aug 29, 2022.
             Slain by a goblin
             ... wielding a +0 club
              (1 damage)
             ... on level 1 of the Dungeon.
             The game lasted 00:02:16 (1196 turns).

Descartes the Stinger (Octopode Venom Mage)         Turns: 1196, Time: 00:02:17

Health: 0/17       AC:  1    Str:  7    XL:     2   Next: 95%
Magic:  1/5        EV: 13    Int: 17    God:
Gold:   38         SH:  0    Dex: 12    Spells: 4/5 levels left

rFire   . . .      SeeInvis .   b - +0 short sword (holy)
rCold   . . .      Faith    .   (no shield)
rNeg    . . .      Spirit   .   (helmet restricted)
rPois   .          Reflect  .   (no amulet)
rElec   .          Harm     .   (no ring)
rCorr   .          Rampage  .   (no ring)
Will    .....                   (no ring)
Stlth   +++.......              (no ring)
HPRegen 0.05/turn               (no ring)
MPRegen 0.09/turn               (no ring)
                                (no ring)
                                (no ring)

@: no status effects
A: almost no armour, amphibious, 8 rings, camouflage 1, gelatinous body 1,
(nimble swimmer 1), tentacles
a: no special abilities


You were on level 1 of the Dungeon.
You visited 1 branch of the dungeon, and saw 1 of its levels.

You collected 38 gold pieces.

Inventory:

Hand Weapons
 b - a +0 short sword of holy wrath (weapon)
Scrolls
 f - a scroll of fear {unknown}
 g - a scroll of identify {unknown}
Potions
 a - a potion of magic
 c - a potion of curing {unknown}
 d - a potion of haste {unknown}
 e - a potion of heal wounds {unknown}


   Skills:
 + Level 2.3 Dodging
 + Level 3.2 Stealth
 + Level 2.2 Spellcasting
 + Level 1.4 Transmutations
 + Level 3.9 Poison Magic


You had 4 spell levels left.
You knew the following spells:

 Your Spells              Type           Power      Damage    Failure   Level
a - Sting                 Tmut/Pois      44%        1d5       6%          1

Your spell library contained the following spells:

 Spells                   Type           Power      Damage    Failure   Level
 Poisonous Vapours        Pois/Air       16%        N/A       13%         2
 Mephitic Cloud           Conj/Pois/Air  6%         N/A       32%         3
 Olgreb's Toxic Radiance  Pois           15%        N/A       36%         4


Dungeon Overview and Level Annotations

Branches:
Dungeon (1/15)

Altars:


Innate Abilities, Weirdness & Mutations

You cannot wear most types of armour.
You are amphibious.
You can wear up to eight rings at the same time.
Your skin changes colour to match your surroundings (Stealth+).
Your rubbery body absorbs attacks. (AC +1, EV +1)
((You are camouflaged when in or above water. (Stealth+)))
You have tentacles for arms and can constrict up to eight enemies at once.


Message History

The jackal bites you but does no damage.
You hit the jackal but do no damage.
The jackal is almost dead.
You constrict the jackal, but do no damage.
You kill the jackal!
You miss the kobold. Your grab misses the kobold.
The kobold hits you with a +1 dagger of speed.
Unknown command.
You hit the kobold but do no damage. You grab the kobold.
You squeeze the kobold, but do no damage.
You constrict the kobold. The kobold hits you but does no damage.
The kobold hits you with a +1 dagger of speed.
* * * LOW HITPOINT WARNING * * *
You barely miss the kobold.
The kobold is moderately wounded.
You constrict the kobold. The kobold misses you. The kobold barely misses you.
Casting: Sting (safe; 6% risk of failure)
Confirm with . or Enter, or press ? or * to list all spells.
Aiming: Sting (safe; 6% risk of failure)
Press: ? - help, Shift-Dir - straight line, f/p - kobold
Aim: a kobold, wielding a +1 dagger of speed and quivering stones (severely wounded, constricted by you, 98% to hit)
The sting hits the kobold.
The kobold is poisoned.
You kill the kobold!
Casting: Sting (safe; 6% risk of failure)
Confirm with . or Enter, or press ? or * to list all spells.
Aiming: Sting (safe; 6% risk of failure)
Press: ? - help, Shift-Dir - straight line, f - kobold
Aim: a kobold, wielding a +0 short sword (64% to hit)
The sting hits the kobold.
The kobold is poisoned.
The kobold is severely wounded.
The kobold closely misses you.
You barely miss the kobold. Your grab misses the kobold.
The kobold is severely wounded.
You kill the kobold!
You miss the goblin. Your grab misses the goblin.
The goblin hits you with a +0 club.
* * * LOW HITPOINT WARNING * * *
You barely miss the goblin. You grab the goblin. You constrict the goblin.
The goblin hits you with a +0 club.
You die...

### ##
#.###########...
#.............###
#.######........
##### #.#
###†####.## †...#
###.# #)..#
#..[#.
###.###.#.#
#.#@##.....#
........#.#
#.#g#.gK....
....###.#.#
#.#Jl†Jh.$..
#######.#.#
#.#.#g......
........#.#
#.#.##.g...#
.......>#.# #.#.#
#...#)
.....##.#.# #.#.#
#.## .....##.#.#
#.. ...
.....##.#.# ...
..#


You could see an endoplasm, 2 goblins and a frilled lizard.

Vanquished Creatures
  An endoplasm (D:1)
  6 hobgoblins (D:1)
  3 jackals (D:1)
  3 kobolds (D:1)
  A quokka (D:1)
  2 bats (D:1)
  3 frilled lizards (D:1)
19 creatures vanquished.

Notes
Turn   | Place    | Note
-------+----------+-------------------------------------------
     0 | D:1      | Descartes the Octopode Venom Mage began the quest for the
                  | Orb.
     0 | D:1      | Reached XP level 1. HP: 11/11 MP: 3/3
    11 | D:1      | Noticed a centaur
   520 | D:1      | Reached XP level 2. HP: 8/17 MP: 5/5
   954 | D:1      | Found a faded altar of an unknown god.
  1196 | D:1      | Slain by a goblin

Illustrated notes

Levels and vault maps discovered:
D:1:      evilmike_arrival_come_back, layout_basic,
          hellmonk_ecumenical_altar_zigzags, minmay_nonomino_d4

Skill      XL: |  1  2 |
---------------+-------+-----
Stealth        | 3 |  3.2
Dodging        | |  2.3
Spellcasting   | |  2.2
Transmutations | |  1.4
Poison Magic   | |  3.9

Action                   || total
-------------------------++-------
Melee: Short sword       ||    35
       Constrict         ||    11
       Unarmed           ||     3
       Tentacles         ||     5
       Punch             ||     1
 Cast: Sting             ||    15
 Stab: Sleeping          ||     5
Armor: Skin              ||     6
Dodge: Dodged            ||    26
